 Dungeon Crawl Stone Soup version 0.30-a0-743-gbfdf073431 (webtiles) character file.

Game seed: 14227269339364870688

91 Ijustatesigmund the Magician (level 4, 0/24 HPs)
             Began as a Deep Elf Hedge Wizard on Feb 8, 2023.
             Succumbed to an adder's poison
             ... on level 2 of the Dungeon.
             The game lasted 00:04:34 (1733 turns).

Ijustatesigmund the Magician (DEHW)                 Turns: 1733, Time: 00:04:35

Health: 0/24       AC:  5    Str:  7    XL:     4   Next: 34%
Magic:  4/13       EV: 12    Int: 21    God:
Gold:   66         SH:  0    Dex: 14    Spells: 11/14 levels left

rFire   . . .      SeeInvis .    a - +0 short sword
rCold   . . .      Faith    .    (no shield)
rNeg    . . .      Spirit   .    b - +0 robe
rPois   .          Reflect  .    c - +0 hat
rElec   .          Harm     .    (no cloak)
rCorr   .          Rampage  .    i - +2 pair of gloves
Will    .....                    (no boots)
Stlth   ++                       h - amulet of magic regeneration
HPRegen 0.24/turn                (no ring)
MPRegen 0.53/turn                (no ring)

@: lethally poisoned (0 -> -3)
A: no striking features
a: no special abilities


You were on level 2 of the Dungeon.
You visited 1 branch of the dungeon, and saw 3 of its levels.

You collected 66 gold pieces.

Inventory:

Hand Weapons
 a - a +0 short sword (weapon)
Armour
 b - a +0 robe (worn)
 c - a +0 hat (worn)
 i - a +2 pair of gloves (worn)
Jewellery
 h - an amulet of magic regeneration (around neck)
Scrolls
 e - a scroll of amnesia
 f - 3 scrolls of identify
 j - a scroll of teleportation
 k - 2 scrolls of fear
Potions
 d - 3 potions of magic
 g - a potion of berserk rage


   Skills:
 - Level 2.4 Dodging
 - Level 2.4 Stealth
 + Level 5.5 Spellcasting
 + Level 2.9 Conjurations
 - Level 1.1 Summonings
 + Level 2.5 Translocations


You had 11 spell levels left.
You knew the following spells:

 Your Spells              Type           Power      Damage    Failure   Level
a - Magic Dart            Conj           72%        1d6       3%          1
b - Blink                 Tloc           32%        N/A       5%          2

Your spell library contained the following spells:

 Spells                   Type           Power      Damage    Failure   Level
 Static Discharge         Conj/Air       22%        2-3/arc   9%          2
 Call Imp                 Summ           10%        N/A       10%         2
 Slow                     Hex            20%        N/A       11%         1
 Cigotuvi's Dreadful Rot  Necr/Pois/Air  10%        N/A       16%         2
 Vhi's Electric Charge    Tloc/Air       22%        N/A       19%         3
 Mephitic Cloud           Conj/Pois/Air  9%         N/A       21%         3
 Confusing Touch          Hex            5%         N/A       30%         3
 Vampiric Draining        Necr           5%         2d6       30%         3
 Arcjolt                  Conj/Air       5%         1d15      83%         5
 Lightning Bolt           Conj/Air       5%         1d17      83%         5


Dungeon Overview and Level Annotations

Branches:
Dungeon (3/15)

Altars:
Makhleb

Annotations:
D:3 Robin


Message History

Aiming: Magic Dart (safe; 3% risk of failure)
Press: ? - help, Shift-Dir - straight line, f/p - gnoll
Aim: a gnoll, wielding a +0 flail, wearing a +0 scale mail and quivering javelins (100% to hit)
The magic dart hits the gnoll but does no damage.
The adder bites you.
You are poisoned.
The adder poisons you!
Casting: Magic Dart (safe; 3% risk of failure)
Confirm with . or Enter, or press ? or * to list all spells.
Aiming: Magic Dart (safe; 3% risk of failure)
Press: ? - help, Shift-Dir - straight line, f/p - gnoll
Aim: a gnoll, wielding a +0 flail, wearing a +0 scale mail and quivering javelins (100% to hit)
The magic dart hits the gnoll but does no damage.
You feel sick. The adder closely misses you. The gnoll closely misses you.
Casting: Magic Dart (safe; 3% risk of failure)
Confirm with . or Enter, or press ? or * to list all spells.
Aiming: Magic Dart (safe; 3% risk of failure)
Press: ? - help, Shift-Dir - straight line, f/p - gnoll
Aim: a gnoll, wielding a +0 flail, wearing a +0 scale mail and quivering javelins (100% to hit)
The magic dart hits the gnoll but does no damage.
You feel sick. The adder barely misses you. The gnoll hits you with a +0 flail!
* * * LOW HITPOINT WARNING * * *
The adder barely misses you.
Casting: Magic Dart (safe; 3% risk of failure)
Confirm with . or Enter, or press ? or * to list all spells.
Aiming: Magic Dart (safe; 3% risk of failure)
Press: ? - help, Shift-Dir - straight line, f/p - gnoll
Aim: a gnoll, wielding a +0 flail, wearing a +0 scale mail and quivering javelins (100% to hit)
The magic dart hits the gnoll.
The gnoll is lightly wounded.
* * * LOW HITPOINT WARNING * * *
You feel sick. The gnoll barely misses you. The adder barely misses you.
Casting: Magic Dart (safe; 3% risk of failure)
Confirm with . or Enter, or press ? or * to list all spells.
Aiming: Magic Dart (safe; 3% risk of failure)
Press: ? - help, Shift-Dir - straight line, f/p - gnoll
Aim: a gnoll, wielding a +0 flail, wearing a +0 scale mail and quivering javelins (lightly wounded, 100% to hit)
The magic dart hits the gnoll.
The gnoll is moderately wounded.
You die...

#....
.._...##.........# #
#.....##..##### .
#......##....... ..
......####..##### ...
###...###.#..# #...
##.###.#...# .....
..##.#...)#
......######.##.##.##
.....>S@............#
......g#####.##.##.##
....... ##.#.#.##
....... ##...##
....... ##.##
.......########.#
......$.........#
.!.....##########


You could see a gnoll and an adder.

Vanquished Creatures
  2 gnolls (D:1)
  An adder (D:3)
  2 worms
  2 orcs
  6 endoplasms
  A giant cockroach (D:1)
  4 goblins
  2 hobgoblins
  8 kobolds
  6 quokkas
  8 ball pythons
  8 bats
  3 rats
53 creatures vanquished.

Notes
Turn   | Place    | Note
-------+----------+-------------------------------------------
     0 | D:1      | Ijustatesigmund the Deep Elf Hedge Wizard began the quest
                  | for the Orb.
     0 | D:1      | Reached XP level 1. HP: 10/10 MP: 7/7
   363 | D:1      | Reached XP level 2. HP: 15/15 MP: 7/9
   366 | D:1      | Learned a level 2 spell: Blink
   569 | D:1      | Reached skill level 5 in Spellcasting
   822 | D:1      | Reached XP level 3. HP: 9/19 MP: 1/11
   990 | D:2      | Found a burning altar of Makhleb.
  1024 | D:2      | Found a faded altar of an unknown god.
  1049 | D:2      | You fall into a shaft and drop 1 floor!
  1265 | D:3      | Noticed Robin
  1362 | D:1      | Reached XP level 4. HP: 7/24 MP: 9/13
  1732 | D:2      | HP: 1/24 [poisoned by an adder]
  1733 | D:2      | Succumbed to an adder's poison

Illustrated notes

Levels and vault maps discovered:
D:1:      grunt_arrival_crossed_arrows, layout_rooms, minivault_26,
          minmay_small_reverse_x
D:2:      layout_loops_ring, basic_altar, ebering_ecumenical_altar_ruins
D:3:      layout_basic, fedhas_ov_isle_minmay, old_standard_altar, uniq_robin

Skill      XL: |  1  2  3 |
---------------+----------+-----
Conjurations   | 2 |  2.9
Spellcasting   | 5 |  5.5
Translocations | 2 |  2.5
Dodging        | |  2.4
Stealth        | |  2.4
Summonings     | |  1.1

Action                     |  1- 3 |  4- 6 || total
---------------------------+-------+-------++-------
   Cast: Magic Dart        |   123 |    40 ||   163
    Use: Scroll            |     5 |       ||     5
 Armour: Robe              |     5 |       ||     5
  Dodge: Dodged            |    18 |    12 ||    30

Table legend: (Time is in decaauts)
 A = Elapsed time spent in this place.
 B = Non-inter-level travel time spent in this place.
 C = Inter-level travel time spent in this place.
 D = Time resting spent in this place.
 E = Time spent auto-exploring this place.
 F = Levels seen in this place.
 G = Mean time per level.
                   A        B        C        D        E       F      G
               +--------+--------+--------+--------+--------+-----+--------+
         Total |   1731 |   1697 |     34 |    304 |   1071 |   3 |  577.0 |
       Dungeon |   1731 |   1697 |     34 |    304 |   1071 |   3 |  577.0 |
               +--------+--------+--------+--------+--------+-----+--------+

Top non-repeatable levels by time:
     D:1: 1069 daAuts
     D:2: 409 daAuts
     D:3: 252 daAuts
